AoeStats
← M@nqu!to

Arena

505793028Analyzed
2v2 RM · 20d ago on Sep 11, 2026· 57m 16s· 4 players
Game mode
Random Map
Map size
Medium (4 player)
Population
200
Speed
Normal
Resources
Standard
Victory
Conquest
Starting age
Dark Age
Ending age
Imperial Age
RankedLock teamsTeams togetherTeam positionsShared explorationLock speedFull tech treeHidden civsTurbo modeCheats
Victory
Defeat
🇵🇪 Portuguese · Peru
1266
+14
🇵🇪 Romans · Peru
1237
+15
🇦🇷 Portuguese · Argentina
1376
-20
🇦🇷 Cumans · Argentina
1070
-9
JRR
12:39 Feudal Age
13:17 Loom
16:21 Castle Age
15:07 Stone Mining
17:52 Fletching
22:40 Gold Mining
23:22 Double-Bit Axe
25:55 Horse Collar
30:08 Imperial Age
28:49 Bodkin Arrow
28:49 Crossbowman
30:30 Thumb Ring
31:44 Padded Archer Armor
33:33 Ballistics
43:39 Arbalester
47:19 Bracer
48:19 Leather Archer Armor
51:01 Chemistry
52:13 Ring Archer Armor
53:58 Elite Skirmisher
TodoCode
9:00 Feudal Age
9:29 Double-Bit Axe
10:52 Horse Collar
17:20 Loom
21:20 Castle Age
19:35 Scale Barding Armor
19:41 Forging
20:26 Bloodlines
20:09 Gold Mining
21:31 Wheelbarrow
26:08 Iron Casting
26:59 Chain Barding Armor
28:20 Light Cavalry
29:42 Capped Ram
32:33 Stone Mining
37:40 Fletching
41:11 Imperial Age
40:27 Bodkin Arrow
41:04 Hand Cart
42:34 Plate Barding Armor
41:35 Cavalier
42:41 Padded Archer Armor
44:05 Blast Furnace
43:42 Gold Shaft Mining
43:45 Padded Archer Armor
43:11 Man-at-Arms
43:52 Squires
43:53 Scale Mail Armor
44:18 Town Watch
44:00 Long Swordsman
45:37 Chain Mail Armor
45:15 Two-Handed Swordsman
45:57 Champion
48:09 Plate Mail Armor
49:07 Arson
50:47 Siege Ram
53:05 Padded Archer Armor
52:28 Hussar
M@nqu!to
11:25 Feudal Age
15:16 Castle Age
13:35 Loom
14:42 Double-Bit Axe
14:45 Horse Collar
16:48 Bow Saw
25:18 Scale Barding Armor
26:58 Fletching
29:32 Chain Barding Armor
30:10 Redemption
31:32 Heavy Plow
32:35 Atonement
38:26 Imperial Age
37:08 Town Watch
37:36 Pikeman
38:16 Squires
38:18 Scale Mail Armor
38:29 Forging
38:59 Halberdier
40:39 Chain Mail Armor
43:24 Gold Mining
46:48 Plate Barding Armor
49:41 Man-at-Arms
51:03 Iron Casting
50:44 Long Swordsman
52:06 Crop Rotation
51:18 Legionary
53:02 Blast Furnace
54:05 Conscription
M@nquito 2.0
10:55 Feudal Age
16:01 Castle Age
13:51 Double-Bit Axe
15:52 Loom
20:05 Fletching
22:07 Gold Mining
22:19 Bodkin Arrow
27:42 Imperial Age
26:10 Padded Archer Armor
30:10 Chemistry
30:51 Leather Archer Armor
33:45 Conscription
34:26 Ring Archer Armor
37:26 Wheelbarrow
37:47 Bracer
38:10 Ballistics
41:10 Bow Saw
42:12 Crossbowman
44:12 Two-Man Saw
44:13 Thumb Ring
44:20 Arbalester
45:27 Fortified Wall
45:26 Treadmill Crane
49:08 Hand Cart
49:25 Town Watch
51:02 Pikeman
56:07 Elite Skirmisher
Connection lost

Rejoining the realm…

Still unreachable

The connection could not be restored.

Session expired

The server has moved on; the page needs a fresh start.